 Dungeon Crawl Stone Soup version 0.28.0-45-g0d030f2227 (webtiles) character file.

Game seed: 4593728804019111748

27 pkoi the Shield-Bearer (level 2, 0/25 HPs)
             Began as a Demigod Fighter on Apr 5, 2022.
             Killed from afar by Natasha (9 damage)
             ... with a magic dart
             ... on level 2 of the Dungeon.
             The game lasted 00:01:50 (1689 turns).

pkoi the Shield-Bearer (Demigod Fighter)            Turns: 1689, Time: 00:01:51

Health: 0/25       AC:  9    Str: 17    XL:     2   Next: 72%
Magic:  4/4        EV:  6    Int: 10    God:
Gold:   53         SH:  5    Dex: 13    Spells: 1/1 levels left

rFire   . . .      SeeInvis .     - Unarmed
rCold   . . .      Faith    .   b - +1 buckler
rNeg    . . .      Spirit   .   g - +0 chain mail
rPois   .          Reflect  .   (no helmet)
rElec   .          Harm     .   (no cloak)
rCorr   .          Rampage  .   (no gloves)
Will    .....                   (no boots)
Stlth   ..........              (no amulet)
HPRegen 0.08/turn               (no ring)
MPRegen 0.09/turn               (no ring)

@: hasted and slowed, invisible
A: high MP 1, forlorn, divine attributes
a: no special abilities


You were on level 2 of the Dungeon.
You visited 1 branch of the dungeon, and saw 2 of its levels.

You collected 53 gold pieces.

Inventory:

Hand Weapons
 e - a +0 dagger
Missiles
 f - 6 silver boomerangs (quivered)
Armour
 a - a +0 scale mail
 b - a +1 buckler (worn)
 g - a +0 chain mail (worn)
Scrolls
 j - 2 scrolls of blinking
 m - a scroll of amnesia {unknown}
Potions
 c - a potion of might
 k - a potion of curing
 n - a potion of cancellation {unknown}


   Skills:
 - Level 2.6 Fighting
 + Level 2.9 Armour
 + Level 0.5 Dodging
 + Level 2.9 Shields
 * Level 2.4 Unarmed Combat


You had one spell level left.
You didn't know any spells.
Your spell library was empty.

Dungeon Overview and Level Annotations

Branches:
Dungeon (2/15)

Annotations:
D:2 Natasha


Innate Abilities, Weirdness & Mutations

You have an increased reservoir of magic. (+10% MP)
You shall have no god before yourself.
Your divine heritage dramatically boosts your attributes as you level up.


Message History

Natasha claws you.
You are too injured to fight recklessly!
You are too injured to fight recklessly!
You are too injured to fight recklessly!
You miss Natasha.
Natasha is moderately wounded.
Natasha howls an incantation.
You feel troubled. Natasha claws you.
* * * LOW HITPOINT WARNING * * *
You hit Natasha.
Natasha is heavily wounded.
Natasha casts a spell.
You closely miss Natasha.
Natasha is heavily wounded.
Natasha mumbles some strange words.
You feel troubled. You block Natasha's attack. The shadow imp gestures at you.
Pain shoots through your body!
* * * LOW HITPOINT WARNING * * *
It was a potion of invisibility.
You fade into invisibility!
Natasha stares at you and mumbles some strange words.
You feel yourself slow down.
The shadow imp hits you but does no damage.
It was a potion of curing.
You feel better. Natasha barely misses you.
Natasha growls.
Natasha stares at you and mumbles some strange words.
You feel as though you will be slow longer.
It was a potion of haste.
You feel yourself speed up. Natasha claws you.
* * * LOW HITPOINT WARNING * * *
You hit Natasha.
Natasha is severely wounded.
You block Natasha's attack. Natasha claws you but does no damage.
You hit Natasha but do no damage.
Natasha is severely wounded.
Natasha stares at you and mumbles some strange words.
The magic dart hits you!
You die...

#.# #.#
#.#########
#.##......#
##.##.####.#
#.....# #.#
#..##.# #.#
#..#######5#
#......h@..#
#.##########
.. ... ...


You could see Natasha and a shadow imp (summoned).

Vanquished Creatures
  A ball python (D:2)
  An endoplasm (D:2)
  2 giant cockroaches
  4 goblins (D:1)
  3 hobgoblins (D:1)
  3 quokkas (D:1)
  4 bats
  3 kobolds
  4 rats
25 creatures vanquished.

Notes
Turn   | Place    | Note
-------+----------+-------------------------------------------
     0 | D:1      | pkoi the Demigod Fighter began the quest for the Orb.
     0 | D:1      | Reached XP level 1. HP: 18/18 MP: 3/3
   250 | D:1      | Reached XP level 2. HP: 10/25 MP: 4/4
   442 | D:1      | You fall into a shaft and drop 1 floor!
  1674 | D:2      | Noticed Natasha
  1689 | D:2      | Killed from afar by Natasha

Illustrated notes

Levels and vault maps discovered:
D:1:      dpeg_arrival_subterranean_lakeside_camping, layout_loops_ring,
          serial_rivers, chequers_serial_rivers_room_b,
          chequers_serial_rivers_micro_c, chequers_serial_rivers_marsh,
          chequers_serial_rivers_micro_b, hellmonk_ecumenical_altar_lost_god
D:2:      layout_basic, lemuel_old_faithful, uniq_natasha,
          uniq_crazy_yiuf_cottage

Skill      XL: |  1 |
---------------+----+-----
Unarmed Combat | 2 |  2.4
Fighting       | |  2.6
Armour         | |  2.9
Dodging        | |  0.5
Shields        | |  2.9

Action                   || total
-------------------------++-------
Melee: Unarmed           ||   172
  Use: Scroll            ||     4
       Potion            ||     3
Armor: Scale mail        ||    33
       Chain mail        ||    90
Dodge: Dodged            ||    49
Block: Buckler           ||    43
